 Dungeon Crawl Stone Soup version 0.23.2-1-ga50397a6bc (webtiles) character file.

Game seed: 18075765433046902146

954 Gargoyl the Chopper (level 7, -4/59 HPs)
             Began as a Centaur Abyssal Knight on Apr 27, 2019.
             Was a Priest of Lugonu.
             Killed by nerve-wracking pain
             ... invoked by an orc priest
              (14 damage)
             ... on level 5 of the Dungeon.
             The game lasted 00:07:39 (4222 turns).

Gargoyl the Chopper (Centaur Abyssal Knight)        Turns: 4222, Time: 00:07:39

Health: -4/59      AC: 10    Str: 21      XL:     7   Next: 91%
Magic:  10/10      EV:  6    Int: 11      God:    Lugonu [***...]
Gold:   139        SH:  2    Dex:  9 (10) Spells: 6/6 levels left

rFire    . . .     SeeInvis .   a - +3 hand axe
rCold    . . .     Gourm    .   (no shield)
rNeg     . . .     Faith    .   n - +1 chain mail
rPois    .         Spirit   .   (no helmet)
rElec    .         Reflect  +   f - +0 cloak
rCorr    .         Harm     .   (no gloves)
MR       .....                  (no barding)
Stlth    ..........             k - +2 amulet of reflection
HPRegen  0.19/turn              e - +5 ring of slaying
MPRegen  0.12/turn              o - +6 ring of strength

@: very quick
A: large, hooves 3, deformed body, speed 2, tough skin 3
a: Depart the Abyss, Bend Space, Banish, Renounce Religion


You were on level 5 of the Dungeon.
You worshipped Lugonu.
Lugonu was most pleased with you.
You were very hungry.

You visited 1 branch of the dungeon, and saw 6 of its levels.
You visited the Abyss 1 time.

You collected 286 gold pieces.
You spent 147 gold pieces at shops.

Inventory:

Hand Weapons
 a - a +3 hand axe (weapon)
Missiles
 r - 14 tomahawks (quivered)
Armour
 f - a +0 cloak (worn)
 n - a +1 chain mail (worn)
Jewellery
 e - a +5 ring of slaying (left hand)
 k - a +2 amulet of reflection (around neck)
 o - a +6 ring of strength (right hand)
Wands
 u - a wand of flame (9)
Scrolls
 b - 3 scrolls of remove curse
 l - 2 scrolls of teleportation
 p - 2 scrolls of identify
 q - 2 scrolls of fear
 t - a scroll of enchant armour
Potions
 d - 2 potions of curing
 g - a potion of agility
 h - 3 potions of cancellation
 i - a potion of lignification
 j - a potion of invisibility
 m - a potion of ambrosia
 v - a potion of resistance
Comestibles
 c - 11 rations


   Skills:
 + Level 4.2 Fighting
 + Level 4.6 Axes
 + Level 0.4 Throwing
 * Level 3.8 Armour
 * Level 2.7 Dodging
 * Level 4.2 Invocations


You had 6 spell levels left.
You didn't know any spells.
Your spell library was empty.

Dungeon Overview and Level Annotations

Branches:
Dungeon (6/15)
 Temple: D:4-7

Altars:
Elyvilon
Trog
Vehumet
Xom

Shops:
D:5 ?


Innate Abilities, Weirdness & Mutations

You have hooves in place of feet.
Armour fits poorly on your strangely shaped body.
You cover ground very quickly.
You have extremely tough skin. (AC +3)


Message History

There is a stone staircase leading up here.
The orc warrior hits you with a +0 war axe!
The orc priest hits you but does no damage.
You climb upwards.
Reactivating autopickup.
There is a stone staircase leading down here.
You slash the orc priest!
The orc priest is heavily wounded.
You hit the orc warrior.
The orc warrior hits you with a +0 war axe!
* * * LOW HITPOINT WARNING * * *
The orc priest hits you but does no damage.
Unknown command.
Your chain mail prevents you from hitting the orc priest.
The orc priest is heavily wounded.
You hit the orc warrior but do no damage.
You block the orc warrior's attack.
The orc priest invokes the aid of Beogh against you.
Pain shoots through your body!
You die...

##..# #.# #..# ...#####
#.###..# ##.#...# #..##..####
#.#.#.# ##.##.....# #.#.#.#
#.(.....## #...#.#
###..(...## ######.#
#.........############
.......#
###.##.o....'......##<..
########
#......@#...######.#####
..########.#...#o#...##.# #.#
#
..'......#.....#.#...##.###.#
#
..#####.####.....#...##.))..#
# ..# #....#.#####...##.#####
# ..# ####.#.#
#...##.[...##### ..# #.#.#
##########.#..## ### #...#
####.#..## ##### #....#...#


You could see an orc warrior and an orc priest.

Vanquished Creatures
  A centaur (D:5)
  3 ogres
  A scorpion (D:5)
  A quasit (D:5)
  A crimson imp (D:5)
  An orc priest (D:6)
  A centaur skeleton (D:4)
  A bullfrog skeleton (D:4)
  4 orc wizards
  5 worker ants
  Terence (D:2)
  3 adders
  A shadow imp (D:5)
  2 oozes
  An adder skeleton (D:4)
  4 worms
  A dart slug (D:1)
  3 leopard geckos
  16 orcs
  6 bats
  4 giant cockroaches
  10 goblins
  15 hobgoblins
  8 jackals
  A quokka (D:4)
  8 frilled lizards
  A jackal zombie (D:5)
  10 kobolds
  8 rats
122 creatures vanquished.

Notes
Turn   | Place    | Note
-------+----------+-------------------------------------------
     0 | Abyss:1  | Gargoyl the Centaur Abyssal Knight began the quest for the
                  | Orb.
     0 | Abyss:1  | Reached XP level 1. HP: 19/19 MP: 2/2
   136 | Abyss:1  | Found a corrupted altar of Lugonu.
   157 | Abyss:1  | Noticed a neqoxec
   160 | D:1      | Escaped the Abyss
   348 | D:1      | Reached XP level 2. HP: 18/26 MP: 3/3
   352 | D:1      | Reached * piety under Lugonu
   514 | D:1      | Reached skill level 1 in Dodging
   953 | D:1      | Reached XP level 3. HP: 31/31 MP: 4/4
  1059 | D:2      | Noticed Terence
  1066 | D:2      | Killed Terence
  1254 | D:2      | Reached XP level 4. HP: 39/39 MP: 5/5
  1299 | D:2      | Noticed a moth of wrath
  1302 | D:2      | Found a bloodstained altar of Trog.
  1778 | D:3      | Reached ** piety under Lugonu
  1961 | D:3      | Reached XP level 5. HP: 43/46 MP: 5/7
  2276 | D:4      | Reached *** piety under Lugonu
  2408 | D:4      | Found a shimmering altar of Xom.
  2759 | D:4      | Reached XP level 6. HP: 46/52 MP: 8/8
  3067 | D:4      | Reached XP level 7. HP: 33/59 MP: 9/9
  3296 | D:5      | Entered Level 5 of the Dungeon
  3494 | D:5      | Found Ypiptel's Magic Scroll Boutique.
  3500 | D:5      | Bought a scroll of teleportation for 42 gold pieces
  3500 | D:5      | Bought a scroll of enchant weapon for 105 gold pieces
  3520 | D:5      | Found a white marble altar of Elyvilon.
  3967 | D:5      | Found a radiant altar of Vehumet.
  4222 | D:5      | Killed from afar by an orc priest

Skill      XL: |  1  2  3  4  5  6  7 |
---------------+----------------------+-----
Dodging        | 1 2 |  2.7
Axes           | 2 3 4 |  4.6
Armour         | 2 3 |  3.8
Invocations    | 3 4 |  4.2
Fighting       | 4 |  4.2
Throwing       | |  0.4

Action                   |  1- 3 |  4- 6 |  7- 9 || total
-------------------------+-------+-------+-------++-------
Melee: Hand axe          |    56 |   130 |    53 ||   239
       Kick              |     8 |    24 |    14 ||    46
Throw: Tomahawk          |       |     2 |     3 ||     5
Invok: Depart the Abyss  |     1 |       |       ||     1
  Use: Scroll            |     4 |     6 |     7 ||    17
  Eat: Chunk             |       |     5 |     2 ||     7
Armor: Ring mail         |    21 |       |       ||    21
       Chain mail        |    12 |    93 |    24 ||   129
Dodge: Dodged            |    17 |    36 |    14 ||    67
Block: Other             |       |    11 |     9 ||    20
